[ AOE2 MATCH · #475060501 ]
Team RMFranks vs Dravidians
[ REPLAY ANALYSIS · EXTRACTED FROM THE RECORDED GAME ]
Feudal
—
Castle
—
Imperial
—
| APM avg | 9.4 |
| APM peak | 34 |
| eAPM avg | 6.9 |
| Villagers / military | 82 / 2 |
Focus
⚔️ 16.7% · 🌾 83.3%
Trade Cart ×3 · Mangonel ×1 · Scorpion ×1
Feudal
12:01
Castle
15:53
Imperial
36:03
| APM avg | 30.4 |
| APM peak | 71 |
| eAPM avg | 18.8 |
| Villagers / military | 126 / 204 |
Focus
⚔️ 32.6% · 🌾 67.4%
Conquistador ×199 · Trade Cart ×40 · Trebuchet (Packed) ×5
Feudal
15:33
Castle
31:48
Imperial
43:57
| APM avg | 29.0 |
| APM peak | 91 |
| eAPM avg | 13.3 |
| Villagers / military | 123 / 204 |
Focus
⚔️ 30.2% · 🌾 69.8%
Spearman ×118 · Elephant Archer ×62 · Fishing Ship ×9 · Trade Cart ×7 · Scout Cavalry ×7 · Urumi Swordsman ×7
Feudal
18:33
Castle
35:22
Imperial
47:13
| APM avg | 18.0 |
| APM peak | 36 |
| eAPM avg | 13.6 |
| Villagers / military | 143 / 73 |
Focus
⚔️ 27.0% · 🌾 73.0%
Mameluke ×43 · Hand Cannoneer ×19 · Trade Cart ×5 · Fishing Ship ×4 · Scorpion ×3 · Monk ×2
Feudal
12:19
Castle
23:51
Imperial
32:14
| APM avg | 19.9 |
| APM peak | 44 |
| eAPM avg | 15.2 |
| Villagers / military | 145 / 497 |
Focus
⚔️ 39.1% · 🌾 60.9%
Spearman ×329 · Skirmisher ×89 · Steppe Lancer ×52 · Scout Cavalry ×11 · Iron Pagoda ×5 · Battering Ram ×5
Feudal
12:07
Castle
15:53
Imperial
37:43
| APM avg | 27.6 |
| APM peak | 53 |
| eAPM avg | 15.1 |
| Villagers / military | 157 / 447 |
Focus
⚔️ 35.6% · 🌾 64.4%
Scout Cavalry ×215 · Camel Scout ×134 · Ghulam ×57 · Hand Cannoneer ×30 · Trade Cart ×5 · Spearman ×4
Feudal
27:27
Castle
36:03
Imperial
47:32
| APM avg | 22.0 |
| APM peak | 63 |
| eAPM avg | 12.4 |
| Villagers / military | 89 / 136 |
Focus
⚔️ 24.0% · 🌾 76.0%
Hand Cannoneer ×69 · Archer ×63 · Trade Cart ×19 · Monk ×2 · War Elephant ×2
Feudal
14:28
Castle
22:08
Imperial
36:38
| APM avg | 15.8 |
| APM peak | 37 |
| eAPM avg | 13.5 |
| Villagers / military | 117 / 368 |
Focus
⚔️ 44.2% · 🌾 55.8%
Spearman ×185 · Huskarl ×139 · Scorpion ×32 · Skirmisher ×6 · Trade Cart ×6 · Militia ×4
Match map
Initial resources + every placement click. Lines = walls · curves = elevation contours. ◆ gold · ⬟ stone · ● berries · ✦ relic · ◌ wall gap
Your base· ✓ Closed at 35:22 · 92t walls · 3 gate(s)
BURMET's base· ✓ Closed at 15:53 · 10t walls · no gate
~The Answer's base· ✓ Closed at 31:48 · 90t walls · 1 gate(s)
hohoho's base· ✓ Closed at 35:22 · 88t walls · 1 gate(s)
Fighter's base· ✓ Closed at 23:51 · 0t walls · 1 gate(s)
Wospenzukh's base· ✓ Closed at 15:53 · 0t walls · no gate
SN1CK3RS's base· ✓ Closed at 36:03 · 47t walls · 2 gate(s)
Richard's base· ✓ Closed at 22:08 · 8t walls · no gate
Smoothed initial terrain · ◌ = detected wall gap · hover for details
Inputs per minute
— Woefwaffer - - BURMET
Build order — Woefwaffer
148 actions detected in the replay
| 0:03 | Create | Villager (Male) |
| 0:03 | Create | Villager (Male) |
| 0:03 | Create | Villager (Male) |
| 0:03 | Create | Villager (Male) |
| 0:13 | Build | House |
| 1:49 | Build | Palisade Wall |
| 2:02 | Build | Palisade Wall |
| 2:36 | Research | Loom |
| 2:52 | Create | Villager (Male) |
| 2:52 | Create | Villager (Male) |
| 3:15 | Create | Villager (Male) |
| 3:45 | Build | House |
| 4:00 | Create | Villager (Male) |
| 4:21 | Build | Palisade Wall |
| 4:36 | Build | Palisade Wall |
| 5:06 | Create | Villager (Male) |
| 5:07 | Create | Villager (Male) |
| 5:44 | Create | Villager (Male) |
| 5:45 | Create | Villager (Male) |
| 8:30 | Build | Palisade Wall |
| 8:55 | Create | Villager (Male) |
| 8:55 | Create | Villager (Male) |
| 8:55 | Create | Villager (Male) |
| 10:08 | Build | Palisade Wall |
| 10:16 | Create | Villager (Male) |
| 11:39 | Create | Villager (Male) |
| 11:39 | Create | Villager (Male) |
| 12:13 | Build | Outpost |
| 12:20 | Create | Villager (Male) |
| 12:20 | Create | Villager (Male) |
| 13:13 | Create | Villager (Male) |
| 13:39 | Create | Villager (Male) |
| 13:40 | Create | Villager (Male) |
| 14:04 | Create | Villager (Male) |
| 14:53 | Create | Villager (Male) |
| 14:53 | Create | Villager (Male) |
| 15:31 | Build | House |
| 15:55 | Create | Villager (Male) |
| 15:55 | Create | Villager (Male) |
| 15:56 | Create | Villager (Male) |
| 16:19 | Create | Villager (Male) |
| 16:46 | Create | Villager (Male) |
| 16:46 | Create | Villager (Male) |
| 17:20 | Create | Villager (Male) |
| 17:21 | Create | Villager (Male) |
| 17:27 | Build | House |
| 18:01 | Build | Mill |
| 18:17 | Create | Villager (Male) |
| 19:11 | Create | Villager (Male) |
| 19:12 | Create | Villager (Male) |
| 21:11 | Build | Lumber Camp |
| 21:56 | Research | Feudal Age |
| 22:27 | Build | Barracks |
| 23:25 | Build | House |
| 23:26 | Build | House |
| 23:27 | Build | House |
| 24:24 | Build | Stable |
| 24:36 | Create | Villager (Male) ×5 |
| 24:44 | Build | Mining Camp |
| 26:01 | Build | Mill |
| 26:11 | Create | Villager (Male) |
| 26:11 | Create | Villager (Male) |
| 26:11 | Create | Villager (Male) |
| 26:30 | Build | Watch Tower |
| 26:52 | Research | Double-Bit Axe |
| 27:14 | Create | Villager (Male) |
| 27:14 | Create | Villager (Male) |
| 27:15 | Research | Town Watch |
| 27:35 | Build | Farm |
| 27:38 | Build | Farm |
| 27:40 | Build | Farm |
| 27:43 | Build | Farm |
| 27:46 | Build | Farm |
| 27:49 | Build | Farm |
| 27:51 | Build | Farm |
| 27:54 | Build | Farm |
| 27:57 | Build | Farm |
| 28:01 | Build | Farm |
| 28:12 | Create | Villager (Male) |
| 28:30 | Build | Stone Wall |
| 29:10 | Create | Villager (Male) |
| 29:11 | Create | Villager (Male) |
| 29:18 | Build | Farm |
| 29:23 | Build | Farm |
| 29:26 | Build | Farm |
| 29:34 | Create | Villager (Male) |
| 30:02 | Build | Mining Camp |
| 30:05 | Create | Villager (Male) |
| 30:05 | Create | Villager (Male) |
| 30:30 | Build | Gate |
| 30:51 | Build | House |
| 30:51 | Build | House |
| 30:53 | Build | House |
| 30:59 | Build | Farm |
| 31:04 | Create | Villager (Male) |
| 31:04 | Create | Villager (Male) |
| 32:00 | Build | Stone Wall |
| 32:35 | Build | Stone Wall |
| 32:43 | Create | Villager (Male) |
| 32:43 | Create | Villager (Male) |
| 32:55 | Build | Farm |
| 32:57 | Build | Farm |
| 33:18 | Build | Stone Wall |
| 33:25 | Build | Gate |
| 33:35 | Create | Villager (Male) |
| 33:44 | Build | Farm |
| 33:46 | Build | Farm |
| 33:49 | Build | Farm |
| 34:08 | Build | Stone Wall |
| 34:12 | Build | Gate |
| 34:29 | Create | Villager (Male) |
| 34:29 | Create | Villager (Male) |
| 34:41 | Build | Blacksmith |
| 35:07 | Build | Stone Wall |
| 35:22 | Research | Castle Age |
| 35:37 | Build | Market |
| 35:46 | Build | Market |
| 36:02 | Research | Forging |
| 36:03 | Research | Scale Barding Armor |
| 36:04 | Research | Scale Mail Armor |
| 36:41 | Build | Stone Wall |
| 37:10 | Build | House |
| 37:11 | Build | House |
| 37:12 | Build | House |
| 37:13 | Build | House |
| 37:43 | Build | Mining Camp |
| 37:56 | Research | Wheelbarrow |
| 38:18 | Build | Town Center |
| 38:29 | Build | Town Center |
| 38:34 | Research | Iron Casting |
| 38:36 | Research | Chain Barding Armor |
| 38:36 | Research | Chain Mail Armor |
| 38:42 | Create | Villager (Male) ×2 |
| 38:55 | Create | Trade Cart |
| 38:56 | Create | Trade Cart |
| 38:57 | Create | Trade Cart |
| 40:40 | Build | Castle |
| 42:11 | Build | Mining Camp |
| 42:13 | Create | Villager (Male) ×5 |
| 42:21 | Create | Villager (Male) ×5 |
| 43:45 | Build | Stone Wall |
| 44:34 | Build | Stone Wall |
| 44:40 | Create | Villager (Male) ×5 |
| 44:42 | Create | Villager (Male) ×5 |
| 45:05 | Build | Siege Workshop |
| 45:52 | Build | Stone Wall |
| 46:04 | Create | Mangonel |
| 46:06 | Create | Scorpion |
Build order — BURMET
First 150 of 487 actions detected
| 0:00 | Create | Villager (Male) |
| 0:01 | Create | Villager (Male) |
| 0:01 | Create | Villager (Male) |
| 0:01 | Create | Villager (Male) |
| 0:02 | Build | House |
| 0:04 | Build | House |
| 1:12 | Research | Loom |
| 1:29 | Create | Villager (Male) |
| 1:29 | Create | Villager (Male) |
| 1:47 | Create | Villager (Male) |
| 2:10 | Build | Palisade Wall |
| 2:37 | Build | Lumber Camp |
| 2:38 | Create | Villager (Male) |
| 2:39 | Create | Villager (Male) |
| 2:52 | Create | Villager (Male) |
| 2:53 | Create | Villager (Male) |
| 2:53 | Create | Villager (Male) |
| 3:46 | Create | Villager (Male) |
| 4:08 | Build | House |
| 4:20 | Create | Villager (Male) |
| 4:20 | Create | Villager (Male) |
| 4:21 | Create | Villager (Male) |
| 4:43 | Create | Villager (Male) |
| 4:43 | Create | Villager (Male) |
| 5:11 | Create | Villager (Male) |
| 5:12 | Create | Villager (Male) |
| 5:27 | Build | House |
| 5:28 | Build | House |
| 6:19 | Build | House |
| 6:22 | Build | House |
| 6:30 | Build | Mill |
| 6:31 | Create | Villager (Male) |
| 6:31 | Create | Villager (Male) |
| 6:31 | Create | Villager (Male) |
| 6:31 | Create | Villager (Male) |
| 7:36 | Create | Villager (Male) |
| 7:37 | Create | Villager (Male) |
| 7:37 | Create | Villager (Male) |
| 8:06 | Create | Villager (Male) |
| 9:32 | Build | Mining Camp |
| 9:51 | Research | Feudal Age |
| 11:31 | Build | Mill |
| 11:43 | Create | Villager (Male) |
| 11:43 | Create | Villager (Male) |
| 12:01 | Age | Feudal Age |
| 12:04 | Build | Market |
| 12:09 | Build | Blacksmith |
| 13:13 | Research | Castle Age |
| 13:13 | Research | Castle Age |
| 14:33 | Research | Horse Collar |
| 14:34 | Research | Double-Bit Axe |
| 15:53 | Age | Castle Age |
| 15:53 | Research | Heavy Plow |
| 15:54 | Research | Heavy Plow |
| 15:54 | Research | Bow Saw |
| 15:54 | Research | Bow Saw |
| 16:01 | Build | Town Center |
| 16:03 | Create | Villager (Male) |
| 16:03 | Create | Villager (Male) |
| 16:17 | Create | Villager (Male) |
| 16:17 | Create | Villager (Male) |
| 16:18 | Create | Villager (Male) |
| 16:29 | Build | Farm |
| 16:29 | Build | Farm |
| 16:30 | Build | Farm |
| 16:32 | Build | Farm |
| 16:32 | Build | Farm |
| 16:58 | Build | Lumber Camp |
| 17:35 | Create | Villager (Male) |
| 17:36 | Create | Villager (Male) |
| 17:36 | Create | Villager (Male) |
| 17:36 | Create | Villager (Male) |
| 17:37 | Create | Villager (Male) |
| 17:58 | Create | Villager (Male) |
| 17:58 | Create | Villager (Male) |
| 18:13 | Build | Town Center |
| 18:33 | Build | Farm |
| 18:33 | Build | Farm |
| 18:34 | Build | Farm |
| 18:34 | Build | Farm |
| 18:34 | Build | Farm |
| 18:54 | Create | Villager (Male) |
| 18:54 | Create | Villager (Male) |
| 18:55 | Create | Villager (Male) |
| 19:11 | Create | Villager (Male) |
| 19:35 | Create | Villager (Male) |
| 19:41 | Create | Villager (Male) |
| 19:42 | Create | Villager (Male) |
| 19:55 | Build | Town Center |
| 20:05 | Create | Villager (Male) |
| 20:10 | Build | Farm |
| 20:10 | Build | Farm |
| 20:11 | Build | Farm |
| 20:11 | Build | Farm |
| 20:11 | Build | Farm |
| 20:14 | Create | Villager (Male) |
| 20:48 | Create | Villager (Male) |
| 20:48 | Create | Villager (Male) |
| 20:51 | Build | Farm |
| 20:51 | Build | Farm |
| 20:51 | Build | Farm |
| 20:52 | Build | Farm |
| 20:52 | Build | Farm |
| 21:02 | Create | Villager (Male) |
| 21:02 | Create | Villager (Male) |
| 21:12 | Build | Farm |
| 21:13 | Build | Farm |
| 21:13 | Build | Farm |
| 21:14 | Build | Farm |
| 21:14 | Build | Farm |
| 21:16 | Create | Villager (Male) |
| 21:16 | Create | Villager (Male) |
| 21:17 | Create | Villager (Male) |
| 21:53 | Create | Villager (Male) |
| 21:53 | Create | Villager (Male) |
| 22:13 | Build | University |
| 22:18 | Build | Barracks |
| 22:24 | Build | House |
| 22:25 | Build | House |
| 22:27 | Build | House |
| 22:27 | Build | House |
| 22:28 | Build | House |
| 22:29 | Build | House |
| 22:29 | Build | House |
| 22:30 | Build | House |
| 22:31 | Build | House |
| 22:34 | Create | Villager (Male) |
| 22:34 | Create | Villager (Male) |
| 22:35 | Create | Villager (Male) |
| 22:35 | Create | Villager (Male) |
| 22:35 | Create | Villager (Male) |
| 22:42 | Create | Villager (Male) |
| 22:43 | Create | Villager (Male) |
| 22:46 | Create | Villager (Male) |
| 22:51 | Create | Villager (Male) |
| 23:04 | Create | Villager (Male) |
| 23:11 | Build | Stable |
| 23:16 | Research | Stone Mining |
| 23:16 | Research | Stone Mining |
| 23:39 | Build | Farm |
| 23:39 | Build | Farm |
| 23:39 | Build | Farm |
| 23:40 | Build | Farm |
| 23:40 | Build | Farm |
| 23:42 | Build | Farm |
| 23:42 | Build | Farm |
| 23:43 | Build | Farm |
| 23:43 | Build | Farm |
| 23:43 | Build | Farm |
| 23:49 | Research | Stone Shaft Mining |
Build order — ~The Answer
First 150 of 430 actions detected
| 0:02 | Create | Villager (Male) |
| 0:03 | Create | Villager (Male) |
| 0:03 | Create | Villager (Male) |
| 0:03 | Create | Villager (Male) |
| 0:05 | Build | House |
| 0:07 | Build | House |
| 0:27 | Build | Palisade Wall |
| 0:31 | Research | Loom |
| 0:34 | Create | Villager (Male) |
| 0:34 | Create | Villager (Male) |
| 0:34 | Create | Villager (Male) |
| 1:41 | Build | Palisade Wall |
| 2:04 | Create | Villager (Male) |
| 2:15 | Create | Villager (Male) |
| 2:15 | Create | Villager (Male) |
| 3:19 | Create | Villager (Male) |
| 3:19 | Create | Villager (Male) |
| 3:19 | Create | Villager (Male) |
| 3:46 | Create | Villager (Male) |
| 3:46 | Create | Villager (Male) |
| 4:08 | Build | Palisade Wall |
| 4:33 | Create | Villager (Male) |
| 4:34 | Create | Villager (Male) |
| 4:34 | Create | Villager (Male) |
| 5:32 | Build | Lumber Camp |
| 5:59 | Build | Palisade Wall |
| 6:02 | Create | Villager (Male) |
| 6:02 | Create | Villager (Male) |
| 6:02 | Create | Villager (Male) |
| 6:09 | Build | House |
| 6:26 | Build | Palisade Wall |
| 6:29 | Create | Villager (Male) |
| 7:03 | Create | Villager (Male) |
| 7:03 | Create | Villager (Male) |
| 7:03 | Create | Villager (Male) |
| 8:56 | Create | Villager (Male) |
| 8:56 | Create | Villager (Male) |
| 8:56 | Create | Villager (Male) |
| 8:57 | Create | Villager (Male) |
| 9:59 | Build | House |
| 10:02 | Build | Mill |
| 10:43 | Create | Villager (Male) |
| 10:44 | Create | Villager (Male) |
| 12:12 | Create | Villager (Male) |
| 12:28 | Build | Barracks |
| 13:23 | Research | Feudal Age |
| 13:45 | Build | House |
| 13:47 | Build | House |
| 14:24 | Build | Mining Camp |
| 14:47 | Create | Villager (Male) |
| 14:48 | Create | Villager (Male) |
| 15:33 | Age | Feudal Age |
| 15:56 | Create | Villager (Male) |
| 16:03 | Build | Stable |
| 16:18 | Create | Villager (Male) |
| 16:19 | Create | Villager (Male) |
| 16:40 | Build | Stone Wall |
| 16:48 | Build | Gate |
| 17:07 | Create | Scout Cavalry |
| 17:08 | Create | Scout Cavalry |
| 17:08 | Create | Scout Cavalry |
| 17:08 | Create | Scout Cavalry |
| 17:08 | Create | Scout Cavalry |
| 17:43 | Create | Villager (Male) |
| 17:43 | Create | Villager (Male) |
| 17:56 | Build | House |
| 18:08 | Build | Blacksmith |
| 18:41 | Create | Villager (Male) |
| 18:41 | Create | Villager (Male) |
| 19:07 | Build | Farm |
| 19:07 | Build | Farm |
| 19:07 | Build | Farm |
| 19:07 | Build | Farm |
| 19:08 | Build | Farm |
| 19:08 | Build | Farm |
| 19:25 | Research | Forging |
| 19:27 | Research | Scale Barding Armor |
| 19:45 | Build | Farm |
| 20:21 | Create | Scout Cavalry |
| 20:21 | Create | Scout Cavalry |
| 20:53 | Create | Villager (Male) |
| 20:53 | Create | Villager (Male) |
| 21:41 | Build | House |
| 21:42 | Build | House |
| 21:43 | Build | House |
| 21:51 | Build | Farm |
| 22:33 | Build | Stone Wall |
| 22:37 | Build | Stone Wall |
| 22:42 | Build | Gate |
| 23:01 | Create | Villager (Male) |
| 23:01 | Create | Villager (Male) |
| 23:02 | Create | Villager (Male) |
| 23:26 | Build | Farm |
| 23:29 | Build | Farm |
| 23:29 | Build | Farm |
| 23:34 | Build | Mill |
| 23:35 | Build | Farm |
| 23:35 | Build | Farm |
| 23:36 | Build | Farm |
| 23:36 | Build | Farm |
| 23:36 | Build | Farm |
| 23:39 | Build | Farm |
| 23:39 | Build | Farm |
| 23:40 | Build | Farm |
| 23:40 | Build | Farm |
| 24:19 | Create | Villager (Male) |
| 24:20 | Create | Villager (Male) |
| 24:20 | Create | Villager (Male) |
| 24:20 | Create | Villager (Male) |
| 24:20 | Create | Villager (Male) |
| 24:51 | Build | Farm |
| 24:51 | Build | Farm |
| 24:58 | Build | Mining Camp |
| 25:09 | Research | Man-at-Arms (upgrade) |
| 25:10 | Create | Militia |
| 25:10 | Create | Militia |
| 25:12 | Create | Villager (Male) |
| 25:13 | Create | Villager (Male) |
| 25:13 | Create | Villager (Male) |
| 26:26 | Create | Villager (Male) |
| 26:39 | Build | Farm |
| 26:40 | Build | Farm |
| 27:30 | Build | Market |
| 27:33 | Build | House |
| 27:34 | Build | House |
| 28:18 | Create | Villager (Male) |
| 28:18 | Create | Villager (Male) |
| 29:05 | Research | Castle Age |
| 29:11 | Build | Farm |
| 29:54 | Research | Double-Bit Axe |
| 31:32 | Create | Villager (Male) |
| 31:33 | Create | Villager (Male) |
| 31:33 | Create | Villager (Male) |
| 31:48 | Age | Castle Age |
| 32:02 | Build | Town Center |
| 32:06 | Create | Villager (Male) |
| 32:06 | Create | Villager (Male) |
| 32:06 | Create | Villager (Male) |
| 32:13 | Research | Bow Saw |
| 32:23 | Build | Farm |
| 33:05 | Build | Farm |
| 33:31 | Create | Villager (Male) |
| 33:31 | Create | Villager (Male) |
| 33:32 | Create | Villager (Male) |
| 33:32 | Create | Villager (Male) |
| 34:29 | Create | Villager (Male) |
| 34:29 | Create | Villager (Male) |
| 34:30 | Create | Villager (Male) |
| 34:30 | Create | Villager (Male) |
| 34:49 | Build | Castle |
Build order — hohoho
First 150 of 416 actions detected
| 0:02 | Create | Villager (Male) |
| 0:02 | Create | Villager (Male) |
| 0:04 | Build | House |
| 0:06 | Build | House |
| 0:17 | Research | Loom |
| 0:17 | Research | Loom |
| 0:39 | Create | Villager (Male) |
| 0:39 | Create | Villager (Male) |
| 0:40 | Create | Villager (Male) |
| 0:59 | Build | Palisade Wall |
| 2:34 | Create | Villager (Male) |
| 2:57 | Create | Villager (Male) |
| 3:32 | Create | Villager (Male) |
| 4:19 | Build | Palisade Wall |
| 4:22 | Create | Villager (Male) |
| 4:23 | Create | Villager (Male) |
| 5:37 | Build | Lumber Camp |
| 5:51 | Build | Palisade Wall |
| 6:22 | Create | Villager (Male) |
| 7:36 | Create | Villager (Male) |
| 7:52 | Build | Palisade Wall |
| 7:59 | Build | Palisade Wall |
| 8:24 | Create | Villager (Male) |
| 8:24 | Create | Villager (Male) |
| 8:54 | Create | Villager (Male) |
| 9:29 | Create | Villager (Male) |
| 9:57 | Build | Palisade Wall |
| 10:08 | Create | Villager (Male) |
| 10:09 | Create | Villager (Male) |
| 10:14 | Build | House |
| 11:04 | Create | Villager (Male) |
| 11:04 | Create | Villager (Male) |
| 11:05 | Create | Villager (Male) |
| 11:34 | Build | Palisade Wall |
| 11:43 | Create | Villager (Male) |
| 11:56 | Build | Palisade Wall |
| 12:10 | Build | Mill |
| 12:13 | Create | Villager (Male) |
| 12:23 | Build | House |
| 12:28 | Build | House |
| 13:03 | Build | Palisade Wall |
| 13:07 | Create | Villager (Male) |
| 13:49 | Build | Palisade Wall |
| 14:01 | Build | Palisade Wall |
| 14:30 | Build | House |
| 14:34 | Create | Villager (Male) |
| 14:35 | Create | Villager (Male) |
| 14:35 | Create | Villager (Male) |
| 14:36 | Create | Villager (Male) |
| 14:36 | Create | Villager (Male) |
| 14:37 | Create | Villager (Male) |
| 15:00 | Build | Palisade Wall |
| 15:14 | Build | House |
| 15:25 | Build | House |
| 15:32 | Build | House |
| 15:45 | Build | House |
| 16:23 | Research | Feudal Age |
| 17:11 | Build | Palisade Wall |
| 18:33 | Age | Feudal Age |
| 19:28 | Create | Villager (Male) |
| 19:28 | Create | Villager (Male) |
| 19:29 | Create | Villager (Male) |
| 20:12 | Build | Palisade Wall |
| 20:53 | Create | Villager (Male) |
| 20:53 | Create | Villager (Male) |
| 20:54 | Create | Villager (Male) |
| 20:54 | Create | Villager (Male) |
| 20:55 | Create | Villager (Male) |
| 20:55 | Create | Villager (Male) |
| 21:37 | Build | Farm |
| 21:44 | Build | Farm |
| 21:50 | Build | Farm |
| 21:54 | Build | Farm |
| 22:27 | Create | Villager (Male) |
| 22:36 | Build | Farm |
| 23:47 | Create | Villager (Male) |
| 23:57 | Build | Lumber Camp |
| 24:00 | Create | Villager (Male) |
| 24:28 | Create | Villager (Male) |
| 24:57 | Create | Villager (Male) |
| 25:23 | Build | Palisade Gate |
| 25:29 | Build | Farm |
| 25:29 | Build | Farm |
| 25:29 | Build | Farm |
| 25:30 | Build | Farm |
| 25:30 | Build | Farm |
| 25:30 | Build | Farm |
| 25:30 | Build | Farm |
| 25:30 | Build | Farm |
| 25:31 | Build | Farm |
| 25:32 | Create | Villager (Male) |
| 25:33 | Create | Villager (Male) |
| 25:34 | Create | Villager (Male) |
| 25:35 | Create | Villager (Male) |
| 25:35 | Create | Villager (Male) |
| 25:35 | Create | Villager (Male) |
| 25:36 | Create | Villager (Male) |
| 25:47 | Build | Farm |
| 25:58 | Build | Farm |
| 26:54 | Build | Dock |
| 27:27 | Build | Gate |
| 27:34 | Create | Villager (Male) |
| 27:34 | Create | Villager (Male) |
| 27:35 | Create | Villager (Male) |
| 27:35 | Create | Villager (Male) |
| 27:36 | Create | Villager (Male) |
| 27:36 | Create | Villager (Male) |
| 27:37 | Create | Villager (Male) |
| 27:37 | Create | Villager (Male) |
| 27:38 | Create | Villager (Male) |
| 27:42 | Create | Fishing Ship |
| 27:42 | Create | Fishing Ship |
| 27:43 | Create | Fishing Ship |
| 27:43 | Create | Fishing Ship |
| 27:58 | Build | Stone Wall |
| 28:11 | Create | Villager (Male) |
| 28:41 | Build | Market |
| 28:45 | Build | Blacksmith |
| 28:56 | Build | Mining Camp |
| 29:04 | Create | Villager (Male) |
| 29:12 | Build | Mining Camp |
| 29:14 | Create | Villager (Male) |
| 29:35 | Build | Stone Wall |
| 29:43 | Research | Double-Bit Axe |
| 29:49 | Build | Mining Camp |
| 30:08 | Research | Gold Mining |
| 30:12 | Research | Stone Mining |
| 30:16 | Research | Tech 906 |
| 30:22 | Create | Villager (Male) |
| 31:01 | Build | Barracks |
| 31:13 | Build | Farm |
| 31:30 | Build | Farm |
| 31:32 | Create | Villager (Male) |
| 32:01 | Build | Farm |
| 32:12 | Create | Villager (Male) |
| 32:34 | Create | Militia |
| 32:42 | Research | Castle Age |
| 33:07 | Build | Stone Wall |
| 33:42 | Build | Stone Wall |
| 33:49 | Create | Villager (Male) |
| 33:54 | Create | Villager (Male) |
| 34:15 | Build | Stone Wall |
| 34:25 | Build | Stone Wall |
| 35:15 | Create | Trade Cart |
| 35:16 | Create | Trade Cart |
| 35:22 | Age | Castle Age |
| 35:37 | Build | Town Center |
| 35:40 | Create | Villager (Male) |
| 35:43 | Research | Gillnets |
| 35:51 | Build | Town Center |
Build order — Fighter
First 150 of 415 actions detected
| 0:03 | Create | Villager (Male) |
| 0:03 | Create | Villager (Male) |
| 0:04 | Build | House |
| 0:07 | Build | House |
| 0:50 | Create | Villager (Male) |
| 0:50 | Create | Villager (Male) |
| 0:51 | Create | Villager (Male) |
| 1:28 | Create | Villager (Male) |
| 1:29 | Create | Villager (Male) |
| 1:29 | Create | Villager (Male) |
| 1:50 | Build | Lumber Camp |
| 2:16 | Create | Villager (Male) |
| 2:16 | Create | Villager (Male) |
| 2:16 | Create | Villager (Male) |
| 2:17 | Research | Loom |
| 3:29 | Create | Villager (Male) ×3 |
| 3:29 | Create | Villager (Male) ×3 |
| 3:47 | Create | Villager (Male) |
| 3:47 | Create | Villager (Male) |
| 4:13 | Build | House |
| 4:15 | Build | House |
| 4:57 | Create | Villager (Male) |
| 4:57 | Create | Villager (Male) |
| 5:17 | Build | Mill |
| 5:24 | Create | Villager (Male) |
| 5:25 | Create | Villager (Male) |
| 6:13 | Create | Villager (Male) |
| 6:13 | Create | Villager (Male) |
| 6:13 | Create | Villager (Male) |
| 7:10 | Create | Villager (Male) |
| 7:26 | Create | Villager (Male) |
| 7:53 | Create | Villager (Male) |
| 8:12 | Build | Mill |
| 8:25 | Create | Villager (Male) |
| 8:25 | Create | Villager (Male) |
| 8:48 | Build | House |
| 9:08 | Build | House |
| 9:08 | Build | House |
| 9:15 | Create | Villager (Male) |
| 9:39 | Create | Villager (Male) |
| 10:02 | Research | Feudal Age |
| 10:25 | Build | Barracks |
| 10:46 | Build | Palisade Gate |
| 11:09 | Build | Mill |
| 11:30 | Create | Villager (Male) |
| 11:44 | Build | Lumber Camp |
| 12:19 | Age | Feudal Age |
| 12:22 | Create | Spearman |
| 12:22 | Create | Spearman |
| 12:29 | Build | Blacksmith |
| 12:43 | Build | Stable |
| 13:13 | Create | Scout Cavalry ×5 |
| 13:16 | Research | Forging |
| 14:12 | Research | Scale Barding Armor |
| 14:15 | Create | Scout Cavalry |
| 14:27 | Research | Wheelbarrow |
| 14:32 | Research | Tech 1014 |
| 14:40 | Build | Pasture |
| 14:40 | Build | Pasture |
| 14:40 | Build | Pasture |
| 15:41 | Create | Villager (Male) |
| 16:22 | Create | Villager (Male) |
| 16:22 | Create | Villager (Male) |
| 16:44 | Build | Pasture |
| 16:44 | Build | Pasture |
| 16:44 | Build | Pasture |
| 16:44 | Build | Pasture |
| 16:45 | Build | Pasture |
| 16:45 | Build | Pasture |
| 16:47 | Build | Pasture |
| 17:22 | Build | Pasture |
| 17:22 | Build | Pasture |
| 17:23 | Build | Pasture |
| 17:24 | Build | Pasture |
| 17:24 | Build | Pasture |
| 17:24 | Build | Pasture |
| 17:34 | Create | Villager (Male) |
| 17:35 | Create | Villager (Male) |
| 18:20 | Create | Villager (Male) |
| 18:20 | Create | Villager (Male) |
| 18:35 | Build | House |
| 18:38 | Build | Mining Camp |
| 19:12 | Create | Villager (Male) |
| 19:13 | Create | Villager (Male) |
| 19:21 | Research | Gold Mining |
| 19:23 | Research | Double-Bit Axe |
| 20:06 | Build | Pasture |
| 20:10 | Create | Villager (Male) |
| 20:10 | Create | Villager (Male) |
| 20:35 | Build | House |
| 20:36 | Build | House |
| 21:11 | Research | Castle Age |
| 21:20 | Build | Pasture |
| 23:51 | Age | Castle Age |
| 23:51 | Research | Hand Cart |
| 23:52 | Research | Hand Cart |
| 23:57 | Build | Town Center |
| 24:04 | Build | Town Center |
| 24:14 | Create | Villager (Male) ×5 |
| 24:50 | Create | Villager (Male) ×5 |
| 24:56 | Create | Villager (Male) ×5 |
| 25:21 | Create | Steppe Lancer |
| 25:21 | Create | Steppe Lancer |
| 25:25 | Research | Iron Casting |
| 25:26 | Research | Chain Barding Armor |
| 25:29 | Research | Fletching |
| 25:31 | Create | Villager (Male) ×5 |
| 25:44 | Research | Husbandry |
| 26:38 | Create | Villager (Male) ×5 |
| 27:00 | Create | Villager (Male) ×5 |
| 27:28 | Build | Mining Camp |
| 27:33 | Build | Monastery |
| 27:38 | Create | Villager (Male) ×5 |
| 27:42 | Build | House |
| 27:43 | Build | House |
| 27:44 | Build | House |
| 27:45 | Build | House |
| 27:46 | Build | House |
| 28:01 | Build | University |
| 28:17 | Create | Monk |
| 28:41 | Research | Imperial Age |
| 28:41 | Research | Imperial Age |
| 28:50 | Build | Pasture |
| 28:50 | Build | Pasture |
| 28:51 | Build | Pasture |
| 28:56 | Create | Villager (Male) |
| 29:04 | Build | Pasture |
| 29:08 | Create | Villager (Male) ×5 |
| 29:09 | Create | Villager (Male) ×5 |
| 29:14 | Research | Treadmill Crane |
| 29:34 | Research | Tech 1013 |
| 30:17 | Create | Villager (Male) ×5 |
| 30:24 | Research | Bow Saw |
| 30:44 | Research | Bodkin Arrow |
| 30:59 | Research | Ballistics |
| 31:01 | Research | Murder Holes |
| 31:02 | Create | Villager (Male) ×4 |
| 31:49 | Build | Castle |
| 31:55 | Research | Masonry |
| 31:58 | Create | Villager (Male) ×5 |
| 32:08 | Build | Lumber Camp |
| 32:14 | Age | Imperial Age |
| 32:21 | Research | Pikeman (upgrade) |
| 32:22 | Research | Squires |
| 32:23 | Create | Spearman |
| 32:31 | Build | House |
| 32:31 | Build | House |
| 32:32 | Build | House |
| 32:32 | Build | House |
| 32:32 | Build | House |
Build order — Wospenzukh
First 150 of 431 actions detected
| 0:01 | Create | Villager (Male) |
| 0:01 | Create | Villager (Male) |
| 0:04 | Build | House |
| 0:05 | Build | House |
| 0:45 | Create | Villager (Male) |
| 0:46 | Create | Villager (Male) |
| 0:46 | Create | Villager (Male) |
| 1:21 | Create | Villager (Male) |
| 1:21 | Create | Villager (Male) |
| 2:13 | Create | Villager (Male) |
| 2:13 | Create | Villager (Male) |
| 2:39 | Create | Villager (Male) |
| 2:46 | Create | Villager (Male) |
| 2:49 | Create | Villager (Male) |
| 3:48 | Create | Villager (Male) |
| 3:48 | Create | Villager (Male) |
| 3:51 | Build | House |
| 4:33 | Create | Villager (Male) |
| 4:48 | Build | House |
| 5:01 | Create | Villager (Male) |
| 5:09 | Build | Mill |
| 5:15 | Create | Villager (Male) |
| 5:34 | Research | Loom |
| 5:35 | Create | Villager (Male) |
| 6:08 | Create | Villager (Male) |
| 6:08 | Create | Villager (Male) |
| 6:32 | Create | Villager (Male) |
| 6:32 | Create | Villager (Male) |
| 6:40 | Build | Mill |
| 7:14 | Create | Villager (Male) |
| 7:45 | Create | Villager (Male) |
| 7:54 | Build | House |
| 8:39 | Create | Villager (Male) |
| 8:59 | Create | Villager (Male) |
| 9:05 | Build | Mining Camp |
| 9:57 | Research | Feudal Age |
| 9:58 | Create | Villager (Male) |
| 9:58 | Create | Villager (Male) |
| 10:24 | Build | Lumber Camp |
| 12:07 | Age | Feudal Age |
| 12:17 | Build | Market |
| 12:31 | Build | Blacksmith |
| 13:13 | Research | Castle Age |
| 13:31 | Build | Barracks |
| 13:48 | Create | Villager (Male) |
| 13:56 | Build | Farm |
| 13:57 | Build | Farm |
| 14:21 | Research | Double-Bit Axe |
| 15:16 | Create | Spearman |
| 15:25 | Create | Spearman |
| 15:26 | Create | Spearman |
| 15:53 | Age | Castle Age |
| 15:57 | Build | Town Center |
| 16:11 | Build | House |
| 16:37 | Create | Villager (Male) |
| 16:40 | Create | Villager (Male) |
| 16:40 | Create | Villager (Male) |
| 16:43 | Research | Wheelbarrow |
| 16:43 | Create | Villager (Male) |
| 16:43 | Create | Villager (Male) |
| 17:39 | Build | Town Center |
| 18:14 | Create | Villager (Male) |
| 18:15 | Create | Villager (Male) |
| 19:10 | Create | Villager (Male) |
| 19:10 | Create | Villager (Male) |
| 19:28 | Build | Farm |
| 19:29 | Build | Farm |
| 19:29 | Build | Farm |
| 19:30 | Build | Farm |
| 19:30 | Build | Farm |
| 19:31 | Build | Farm |
| 20:15 | Build | House |
| 20:21 | Create | Villager (Male) |
| 20:22 | Create | Villager (Male) |
| 20:36 | Build | Castle |
| 20:41 | Create | Spearman |
| 21:06 | Create | Villager (Male) |
| 21:06 | Create | Villager (Male) |
| 21:24 | Create | Villager (Male) ×2 |
| 21:25 | Create | Villager (Male) |
| 21:50 | Create | Villager (Male) |
| 21:55 | Build | Farm |
| 22:05 | Build | Farm |
| 22:14 | Build | Farm |
| 22:27 | Build | Mining Camp |
| 22:29 | Create | Villager (Male) ×3 |
| 22:29 | Create | Villager (Male) ×3 |
| 22:52 | Build | Farm |
| 22:55 | Create | Villager (Male) ×2 |
| 23:07 | Build | Farm |
| 23:20 | Create | Villager (Male) ×2 |
| 23:20 | Create | Villager (Male) ×2 |
| 23:29 | Build | Mining Camp |
| 23:34 | Create | Ghulam |
| 23:46 | Build | Farm |
| 23:48 | Build | Farm |
| 23:51 | Create | Villager (Male) ×2 |
| 23:51 | Create | Villager (Male) ×2 |
| 24:13 | Create | Villager (Male) ×4 |
| 24:14 | Create | Villager (Male) ×4 |
| 24:42 | Create | Villager (Male) |
| 24:57 | Create | Ghulam |
| 25:02 | Create | Villager (Male) ×2 |
| 25:10 | Build | Monastery |
| 25:24 | Create | Villager (Male) ×4 |
| 25:24 | Create | Villager (Male) ×4 |
| 25:44 | Create | Ghulam |
| 25:44 | Create | Ghulam |
| 26:01 | Build | Farm |
| 26:02 | Build | Farm |
| 26:03 | Build | Farm |
| 26:04 | Build | Farm |
| 26:04 | Build | Farm |
| 26:05 | Build | Farm |
| 26:05 | Build | Farm |
| 26:08 | Create | Villager (Male) ×4 |
| 26:09 | Create | Villager (Male) ×4 |
| 26:38 | Build | Farm |
| 26:40 | Build | Farm |
| 26:42 | Create | Villager (Male) ×4 |
| 26:56 | Create | Monk |
| 27:20 | Create | Villager (Male) |
| 27:27 | Create | Villager (Male) ×5 |
| 28:04 | Research | Fervor |
| 28:05 | Create | Villager (Male) ×5 |
| 28:23 | Build | Town Center |
| 28:33 | Build | House |
| 28:35 | Build | House |
| 28:36 | Build | House |
| 28:37 | Build | House |
| 28:54 | Create | Monk |
| 29:05 | Research | Hand Cart |
| 29:06 | Create | Villager (Male) |
| 29:17 | Research | Horse Collar |
| 29:21 | Build | Farm |
| 29:21 | Build | Farm |
| 29:22 | Build | Farm |
| 29:23 | Build | Farm |
| 29:26 | Create | Villager (Male) ×5 |
| 29:55 | Research | Grand Trunk Road |
| 30:00 | Create | Villager (Male) ×2 |
| 30:38 | Build | House |
| 30:38 | Build | House |
| 30:38 | Build | House |
| 30:38 | Build | House |
| 30:39 | Build | House |
| 30:39 | Build | House |
| 30:42 | Create | Villager (Male) ×5 |
| 30:51 | Build | Farm |
| 30:57 | Build | Farm |
Build order — SN1CK3RS
First 150 of 318 actions detected
| 0:02 | Create | Villager (Male) |
| 0:02 | Create | Villager (Male) |
| 0:02 | Create | Villager (Male) |
| 0:02 | Create | Villager (Male) |
| 0:04 | Build | House |
| 0:05 | Build | House |
| 0:22 | Create | Villager (Male) |
| 0:57 | Research | Loom |
| 1:45 | Build | Palisade Wall |
| 1:53 | Create | Villager (Male) |
| 1:53 | Create | Villager (Male) |
| 1:54 | Create | Villager (Male) |
| 2:03 | Build | Palisade Wall |
| 2:05 | Build | Palisade Wall |
| 2:20 | Build | Palisade Wall |
| 2:20 | Build | Palisade Wall |
| 2:36 | Build | House |
| 2:48 | Build | House |
| 3:08 | Create | Villager (Male) |
| 3:09 | Create | Villager (Male) |
| 3:09 | Create | Villager (Male) |
| 3:09 | Create | Villager (Male) |
| 3:13 | Build | House |
| 4:40 | Create | Villager (Male) |
| 4:40 | Create | Villager (Male) |
| 4:40 | Create | Villager (Male) |
| 4:41 | Create | Villager (Male) |
| 6:05 | Create | Villager (Male) |
| 6:06 | Create | Villager (Male) |
| 6:06 | Create | Villager (Male) |
| 6:06 | Create | Villager (Male) |
| 6:35 | Create | Villager (Male) |
| 6:35 | Create | Villager (Male) |
| 6:35 | Create | Villager (Male) |
| 9:31 | Build | Palisade Wall |
| 9:33 | Build | Palisade Wall |
| 10:12 | Build | Palisade Wall |
| 11:41 | Build | Outpost |
| 12:04 | Build | Palisade Wall |
| 12:29 | Create | Villager (Male) |
| 13:59 | Create | Villager (Male) |
| 14:27 | Create | Villager (Male) |
| 14:27 | Create | Villager (Male) |
| 14:27 | Create | Villager (Male) |
| 15:02 | Create | Villager (Male) |
| 15:02 | Create | Villager (Male) |
| 15:31 | Create | Villager (Male) |
| 15:57 | Create | Villager (Male) |
| 15:58 | Create | Villager (Male) |
| 16:47 | Create | Villager (Male) |
| 16:47 | Create | Villager (Male) |
| 17:02 | Create | Villager (Male) |
| 17:02 | Create | Villager (Male) |
| 17:41 | Create | Villager (Male) |
| 17:41 | Create | Villager (Male) |
| 18:10 | Build | House |
| 18:34 | Build | House |
| 18:37 | Build | House |
| 18:49 | Create | Villager (Male) |
| 18:49 | Create | Villager (Male) |
| 18:50 | Create | Villager (Male) |
| 20:20 | Create | Villager (Male) |
| 20:21 | Create | Villager (Male) |
| 20:21 | Create | Villager (Male) |
| 21:31 | Create | Villager (Male) |
| 21:31 | Create | Villager (Male) |
| 22:19 | Build | Mill |
| 22:38 | Create | Villager (Male) |
| 22:38 | Create | Villager (Male) |
| 22:38 | Create | Villager (Male) |
| 24:18 | Build | Barracks |
| 24:27 | Build | House |
| 24:30 | Build | Palisade Wall |
| 24:40 | Build | Mining Camp |
| 24:44 | Build | Mining Camp |
| 25:23 | Research | Feudal Age |
| 25:23 | Research | Feudal Age |
| 25:33 | Build | Mining Camp |
| 25:51 | Build | Mill |
| 26:36 | Create | Villager (Male) |
| 26:55 | Build | Farm |
| 27:01 | Build | Lumber Camp |
| 27:27 | Age | Feudal Age |
| 27:40 | Build | Stone Wall |
| 27:55 | Build | Gate |
| 28:09 | Research | Wheelbarrow |
| 28:13 | Build | Farm |
| 28:19 | Create | Villager (Male) |
| 28:19 | Create | Villager (Male) |
| 28:19 | Create | Villager (Male) |
| 28:20 | Create | Villager (Male) |
| 28:41 | Build | Gate |
| 28:50 | Build | Mining Camp |
| 29:00 | Build | House |
| 29:29 | Research | Double-Bit Axe |
| 29:29 | Research | Double-Bit Axe |
| 29:54 | Build | Mill |
| 30:42 | Build | Blacksmith |
| 32:01 | Create | Villager (Male) |
| 32:02 | Create | Villager (Male) |
| 32:10 | Build | Market |
| 32:21 | Research | Gold Mining |
| 32:29 | Build | Farm |
| 32:32 | Create | Villager (Male) |
| 32:34 | Research | Horse Collar |
| 32:35 | Research | Horse Collar |
| 32:44 | Build | House |
| 32:47 | Build | House |
| 32:55 | Build | House |
| 33:13 | Build | Farm |
| 33:37 | Research | Castle Age |
| 33:37 | Research | Castle Age |
| 34:21 | Research | Fletching |
| 34:26 | Research | Stone Mining |
| 34:27 | Research | Stone Mining |
| 34:32 | Build | Farm |
| 34:41 | Create | Trade Cart |
| 34:42 | Create | Trade Cart |
| 34:42 | Create | Trade Cart |
| 35:59 | Build | Farm |
| 36:01 | Build | Farm |
| 36:03 | Age | Castle Age |
| 36:06 | Research | Heavy Plow |
| 36:06 | Research | Heavy Plow |
| 36:18 | Build | Monastery |
| 36:25 | Research | Bodkin Arrow |
| 36:32 | Build | Castle |
| 36:35 | Research | Stone Shaft Mining |
| 36:36 | Research | Stone Shaft Mining |
| 36:39 | Research | Caravan |
| 36:40 | Create | Trade Cart |
| 36:42 | Create | Trade Cart |
| 36:42 | Create | Trade Cart |
| 36:45 | Research | Gold Shaft Mining |
| 36:45 | Research | Gold Shaft Mining |
| 37:02 | Create | Villager (Male) |
| 37:02 | Create | Villager (Male) |
| 37:18 | Create | Monk |
| 37:44 | Create | Villager (Male) |
| 38:32 | Create | Trade Cart |
| 38:46 | Create | Villager (Male) |
| 38:46 | Create | Villager (Male) |
| 38:47 | Create | Villager (Male) |
| 38:52 | Build | Archery Range |
| 39:21 | Create | War Elephant |
| 39:21 | Create | War Elephant |
| 40:01 | Build | Gate |
| 40:07 | Build | Stone Wall |
| 40:34 | Research | Kamandaran |
| 40:41 | Create | Villager (Male) |
Build order — Richard
First 150 of 455 actions detected
| 0:05 | Create | Villager (Male) |
| 0:05 | Create | Villager (Male) |
| 0:05 | Create | Villager (Male) |
| 0:05 | Create | Villager (Male) |
| 0:09 | Build | House |
| 0:11 | Build | House |
| 1:36 | Create | Villager (Male) |
| 1:36 | Create | Villager (Male) |
| 1:36 | Create | Villager (Male) |
| 1:54 | Research | Loom |
| 2:14 | Create | Villager (Male) |
| 2:14 | Create | Villager (Male) |
| 2:38 | Create | Villager (Male) |
| 2:44 | Create | Villager (Male) |
| 3:01 | Create | Villager (Male) |
| 3:38 | Build | House |
| 3:42 | Create | Villager (Male) |
| 3:56 | Create | Villager (Male) |
| 5:37 | Create | Villager (Male) |
| 5:38 | Create | Villager (Male) |
| 5:43 | Create | Villager (Male) |
| 5:43 | Create | Villager (Male) |
| 5:47 | Create | Villager (Male) |
| 6:06 | Create | Villager (Male) |
| 6:38 | Create | Villager (Male) |
| 7:01 | Create | Villager (Male) |
| 7:01 | Create | Villager (Male) |
| 7:13 | Create | Villager (Male) |
| 7:20 | Build | House |
| 7:33 | Create | Villager (Male) |
| 7:33 | Create | Villager (Male) |
| 8:00 | Build | Mill |
| 8:05 | Create | Villager (Male) |
| 8:05 | Create | Villager (Male) |
| 8:28 | Create | Villager (Male) |
| 8:54 | Build | House |
| 9:35 | Create | Villager (Male) |
| 9:35 | Create | Villager (Male) |
| 10:16 | Create | Villager (Male) |
| 10:47 | Create | Villager (Male) |
| 10:59 | Build | House |
| 11:10 | Build | Lumber Camp |
| 11:23 | Build | House |
| 11:38 | Build | House |
| 11:43 | Build | Palisade Wall |
| 12:06 | Research | Feudal Age |
| 12:12 | Create | Villager (Male) |
| 12:13 | Create | Villager (Male) |
| 12:33 | Build | House |
| 13:02 | Build | Barracks |
| 13:16 | Create | Villager (Male) |
| 13:24 | Build | House |
| 13:56 | Build | Mining Camp |
| 14:08 | Build | House |
| 14:10 | Create | Militia |
| 14:10 | Create | Militia |
| 14:28 | Age | Feudal Age |
| 14:55 | Create | Villager (Male) |
| 14:55 | Create | Villager (Male) |
| 14:55 | Create | Villager (Male) |
| 15:05 | Research | Horse Collar |
| 15:08 | Research | Double-Bit Axe |
| 15:16 | Build | Blacksmith |
| 15:49 | Build | Farm |
| 15:50 | Build | Farm |
| 15:58 | Build | Farm |
| 16:02 | Create | Villager (Male) |
| 16:02 | Create | Villager (Male) |
| 16:06 | Build | Farm |
| 16:28 | Build | House |
| 16:41 | Build | Farm |
| 16:43 | Build | Farm |
| 16:44 | Build | Farm |
| 16:47 | Create | Villager (Male) |
| 16:48 | Create | Villager (Male) |
| 17:06 | Build | House |
| 17:15 | Build | Farm |
| 17:19 | Build | Farm |
| 17:29 | Build | Farm |
| 17:30 | Create | Villager (Male) |
| 17:42 | Research | Man-at-Arms (upgrade) |
| 17:48 | Create | Villager (Male) |
| 17:49 | Create | Villager (Male) |
| 18:06 | Build | Market |
| 18:18 | Create | Villager (Male) |
| 18:18 | Create | Villager (Male) |
| 18:23 | Build | Farm |
| 18:26 | Build | Farm |
| 18:30 | Build | Farm |
| 18:35 | Build | Farm |
| 18:46 | Build | Farm |
| 19:08 | Create | Villager (Male) |
| 19:12 | Build | House |
| 19:28 | Research | Castle Age |
| 19:32 | Research | Gold Mining |
| 19:49 | Build | Archery Range |
| 20:03 | Build | House |
| 20:04 | Build | House |
| 20:06 | Build | House |
| 20:12 | Create | Villager (Male) |
| 20:12 | Create | Villager (Male) |
| 20:48 | Create | Spearman |
| 20:48 | Create | Spearman |
| 21:22 | Create | Villager (Male) |
| 21:22 | Create | Villager (Male) |
| 21:39 | Build | House |
| 21:43 | Create | Skirmisher |
| 21:43 | Create | Skirmisher |
| 22:08 | Age | Castle Age |
| 22:14 | Build | Monastery |
| 22:17 | Create | Villager (Male) |
| 22:17 | Create | Villager (Male) |
| 22:17 | Create | Villager (Male) |
| 22:20 | Research | Heavy Plow |
| 22:23 | Research | Bow Saw |
| 22:30 | Research | Scale Mail Armor |
| 23:27 | Create | Skirmisher |
| 23:27 | Create | Skirmisher |
| 23:35 | Create | Monk |
| 23:45 | Build | Mining Camp |
| 24:12 | Create | Villager (Male) |
| 24:13 | Create | Villager (Male) |
| 24:14 | Create | Villager (Male) |
| 24:16 | Research | Wheelbarrow |
| 24:34 | Research | Stone Mining |
| 24:35 | Research | Stone Mining |
| 24:38 | Create | Villager (Male) |
| 24:38 | Create | Villager (Male) |
| 24:52 | Create | Villager (Male) |
| 24:52 | Create | Villager (Male) |
| 25:38 | Create | Villager (Male) |
| 26:25 | Build | Palisade Wall |
| 26:29 | Build | Palisade Gate |
| 26:31 | Create | Villager (Male) |
| 26:39 | Build | House |
| 26:40 | Build | House |
| 26:41 | Build | House |
| 26:46 | Build | House |
| 27:36 | Create | Villager (Male) |
| 27:37 | Create | Villager (Male) |
| 27:53 | Build | Monastery |
| 28:16 | Build | House |
| 28:17 | Build | House |
| 28:18 | Build | House |
| 28:42 | Create | Monk |
| 28:50 | Create | Skirmisher |
| 28:50 | Create | Skirmisher |
| 28:56 | Build | House |
| 29:02 | Create | Villager (Male) |
| 29:03 | Create | Villager (Male) |
Match timeline
| 0:27 | ~The Answer · wall_segment Palisade Wall x19 |
| 0:59 | hohoho · wall_segment Palisade Wall x14 |
| 1:41 | ~The Answer · wall_segment Palisade Wall x9 |
| 1:45 | SN1CK3RS · wall_segment Palisade Wall x1 |
| 1:49 | Woefwaffer · wall_segment Palisade Wall x11 |
| 2:02 | Woefwaffer · wall_segment Palisade Wall x8 |
| 2:03 | SN1CK3RS · wall_segment Palisade Wall x3 |
| 2:05 | SN1CK3RS · wall_segment Palisade Wall x8 |
| 2:10 | BURMET · wall_segment Palisade Wall x10 |
| 2:20 | SN1CK3RS · wall_segment Palisade Wall x10 |
| 2:20 | SN1CK3RS · wall_segment Palisade Wall x5 |
| 4:08 | ~The Answer · wall_segment Palisade Wall x8 |
| 4:19 | hohoho · wall_segment Palisade Wall x1 |
| 4:21 | Woefwaffer · wall_segment Palisade Wall x9 |
| 4:36 | Woefwaffer · wall_segment Palisade Wall x1 |
| 5:51 | hohoho · wall_segment Palisade Wall x1 |
| 5:59 | ~The Answer · wall_segment Palisade Wall x2 |
| 6:26 | ~The Answer · wall_segment Palisade Wall x9 |
| 7:52 | hohoho · wall_segment Palisade Wall x1 |
| 7:59 | hohoho · wall_segment Palisade Wall x9 |
| 8:30 | Woefwaffer · wall_segment Palisade Wall x12 |
| 9:31 | SN1CK3RS · wall_segment Palisade Wall x7 |
| 9:33 | SN1CK3RS · wall_segment Palisade Wall x1 |
| 9:57 | hohoho · wall_segment Palisade Wall x13 |
| 10:08 | Woefwaffer · wall_segment Palisade Wall x9 |
| 10:12 | SN1CK3RS · wall_segment Palisade Wall x1 |
| 10:25 | Fighter · first_building Barracks |
| 11:34 | hohoho · wall_segment Palisade Wall x3 |
| 11:43 | Richard · wall_segment Palisade Wall x8 |
| 11:56 | hohoho · wall_segment Palisade Wall x12 |
| 12:01 | BURMET · age_up feudal |
| 12:04 | SN1CK3RS · wall_segment Palisade Wall x7 |
| 12:07 | Wospenzukh · age_up feudal |
| 12:19 | Fighter · age_up feudal |
| 12:28 | ~The Answer · first_building Barracks |
| 12:43 | Fighter · first_building Stable |
| 13:02 | Richard · first_building Barracks |
| 13:03 | hohoho · wall_segment Palisade Wall x6 |
| 13:09 | Wospenzukh · first_market_sell 100 stone |
| 13:31 | Wospenzukh · first_building Barracks |
| 13:49 | hohoho · wall_segment Palisade Wall x1 |
| 14:01 | hohoho · wall_segment Palisade Wall x2 |
| 14:18 | BURMET · tribute_sent a jugador 2 |
| 14:18 | BURMET · tribute_sent a jugador 3 |
| 14:18 | BURMET · tribute_sent a jugador 4 |
| 14:18 | BURMET · tribute_sent a jugador 5 |
| 14:18 | BURMET · tribute_sent a jugador 6 |
| 14:18 | BURMET · tribute_sent a jugador 7 |
| 14:18 | BURMET · tribute_sent a jugador 8 |
| 14:28 | Richard · age_up feudal |
| 15:00 | hohoho · wall_segment Palisade Wall x1 |
| 15:33 | ~The Answer · age_up feudal |
| 15:53 | BURMET · age_up castle |
| 15:53 | Wospenzukh · age_up castle |
| 16:03 | ~The Answer · first_building Stable |
| 16:14 | BURMET · first_market_buy 100 stone |
| 16:40 | ~The Answer · wall_segment Stone Wall x7 |
| 17:11 | hohoho · wall_segment Palisade Wall x1 |
| 18:33 | hohoho · age_up feudal |
| 19:18 | Wospenzukh · first_market_buy 100 food |
| 19:24 | Wospenzukh · tribute_sent a jugador 1 |
| 19:24 | Wospenzukh · tribute_sent a jugador 2 |
| 19:24 | Wospenzukh · tribute_sent a jugador 3 |
| 19:24 | Wospenzukh · tribute_sent a jugador 4 |
| 19:24 | Wospenzukh · tribute_sent a jugador 5 |
| 19:24 | Wospenzukh · tribute_sent a jugador 7 |
| 19:24 | Wospenzukh · tribute_sent a jugador 8 |
| 19:49 | Richard · first_building Archery Range |
| 20:12 | hohoho · wall_segment Palisade Wall x1 |
| 20:36 | Wospenzukh · first_building Castle |
| 22:08 | Richard · age_up castle |
| 22:14 | Richard · first_building Monastery |
| 22:18 | BURMET · first_building Barracks |
| 22:27 | Woefwaffer · first_building Barracks |
| 22:33 | ~The Answer · wall_segment Stone Wall x16 |
| 22:37 | ~The Answer · wall_segment Stone Wall x20 |
| 23:11 | BURMET · first_building Stable |
| 23:51 | Fighter · age_up castle |
| 24:18 | SN1CK3RS · first_building Barracks |
| 24:24 | BURMET · tribute_sent a jugador 2 |
| 24:24 | BURMET · tribute_sent a jugador 3 |
| 24:24 | BURMET · tribute_sent a jugador 4 |
| 24:24 | BURMET · tribute_sent a jugador 5 |
| 24:24 | BURMET · tribute_sent a jugador 6 |
| 24:24 | BURMET · tribute_sent a jugador 7 |
| 24:24 | BURMET · tribute_sent a jugador 8 |
| 24:24 | Woefwaffer · first_building Stable |
| 24:30 | SN1CK3RS · wall_segment Palisade Wall x1 |
| 25:10 | Wospenzukh · first_building Monastery |
| 25:57 | BURMET · first_market_sell 500 wood |
| 26:13 | BURMET · first_building Castle |
| 26:25 | Richard · wall_segment Palisade Wall x23 |
| 26:54 | hohoho · first_building Dock |
| 27:27 | SN1CK3RS · age_up feudal |
| 27:33 | Fighter · first_building Monastery |
| 27:40 | SN1CK3RS · wall_segment Stone Wall x11 |
| 27:58 | hohoho · wall_segment Stone Wall x7 |
| 28:30 | Woefwaffer · wall_segment Stone Wall x11 |
| 29:03 | ~The Answer · first_market_sell 100 food |
| 29:35 | hohoho · wall_segment Stone Wall x12 |
| 29:42 | Richard · first_building Castle |
| 31:01 | hohoho · first_building Barracks |
| 31:38 | Wospenzukh · wall_segment Palisade Wall x6 |
| 31:48 | ~The Answer · age_up castle |
| 31:49 | Fighter · first_building Castle |
| 32:00 | Woefwaffer · wall_segment Stone Wall x5 |
| 32:02 | Wospenzukh · first_building Stable |
| 32:14 | Fighter · age_up imperial |
| 32:35 | Woefwaffer · wall_segment Stone Wall x4 |
| 32:39 | hohoho · first_market_buy 100 food |
| 33:07 | SN1CK3RS · first_market_buy 100 food |
| 33:07 | hohoho · wall_segment Stone Wall x3 |
| 33:18 | Woefwaffer · wall_segment Stone Wall x13 |
| 33:19 | Fighter · first_building Siege Workshop |
| 33:42 | hohoho · wall_segment Stone Wall x1 |
| 34:08 | Woefwaffer · wall_segment Stone Wall x11 |
| 34:15 | hohoho · wall_segment Stone Wall x2 |
| 34:25 | hohoho · wall_segment Stone Wall x7 |
| 34:49 | ~The Answer · first_building Castle |
| 35:07 | Woefwaffer · wall_segment Stone Wall x7 |
| 35:22 | hohoho · age_up castle |
| 35:27 | BURMET · tribute_sent a jugador 2 |
| 35:27 | BURMET · tribute_sent a jugador 3 |
| 35:27 | BURMET · tribute_sent a jugador 4 |
| 35:27 | BURMET · tribute_sent a jugador 5 |
| 35:27 | BURMET · tribute_sent a jugador 6 |
| 35:27 | BURMET · tribute_sent a jugador 7 |
| 35:27 | BURMET · tribute_sent a jugador 8 |
| 36:03 | BURMET · age_up imperial |
| 36:03 | SN1CK3RS · age_up castle |
| 36:17 | hohoho · first_building Siege Workshop |
| 36:18 | SN1CK3RS · first_building Monastery |
| 36:32 | SN1CK3RS · first_building Castle |
| 36:34 | hohoho · wall_segment Palisade Wall x8 |
| 36:38 | Richard · age_up imperial |
| 36:41 | Woefwaffer · wall_segment Stone Wall x9 |
| 37:04 | hohoho · wall_segment Stone Wall x2 |
| 37:12 | ~The Answer · first_building Archery Range |
| 37:26 | hohoho · wall_segment Stone Wall x3 |
| 37:43 | Wospenzukh · age_up imperial |
| 38:52 | SN1CK3RS · first_building Archery Range |
| 40:07 | SN1CK3RS · wall_segment Stone Wall x2 |
| 40:10 | Fighter · first_building Archery Range |
| 40:35 | Richard · tribute_sent a jugador 1 |
| 40:35 | Richard · tribute_sent a jugador 2 |
| 40:35 | Richard · tribute_sent a jugador 3 |
| 40:35 | Richard · tribute_sent a jugador 4 |
| 40:35 | Richard · tribute_sent a jugador 5 |
| 40:35 | Richard · tribute_sent a jugador 6 |
| 40:35 | Richard · tribute_sent a jugador 7 |
| 40:40 | Woefwaffer · first_building Castle |
| 40:49 | BURMET · tribute_sent a jugador 2 |
| 40:49 | BURMET · tribute_sent a jugador 3 |
| 40:49 | BURMET · tribute_sent a jugador 4 |
| 40:49 | BURMET · tribute_sent a jugador 5 |
| 40:49 | BURMET · tribute_sent a jugador 6 |
| 40:49 | BURMET · tribute_sent a jugador 7 |
| 40:49 | BURMET · tribute_sent a jugador 8 |
| 41:16 | hohoho · first_building Castle |
| 41:20 | Wospenzukh · first_building Archery Range |
| 42:31 | ~The Answer · first_building Dock |
| 42:52 | hohoho · first_market_sell 500 wood |
| 43:31 | hohoho · wall_segment Stone Wall x10 |
| 43:40 | BURMET · tribute_sent a jugador 2 |
| 43:40 | BURMET · tribute_sent a jugador 3 |
| 43:40 | BURMET · tribute_sent a jugador 4 |
| 43:40 | BURMET · tribute_sent a jugador 5 |
| 43:40 | BURMET · tribute_sent a jugador 6 |
| 43:40 | BURMET · tribute_sent a jugador 7 |
| 43:40 | BURMET · tribute_sent a jugador 8 |
| 43:45 | Woefwaffer · wall_segment Stone Wall x23 |
| 43:57 | ~The Answer · age_up imperial |
| 44:34 | Woefwaffer · wall_segment Stone Wall x5 |
| 45:05 | Woefwaffer · first_building Siege Workshop |
| 45:35 | hohoho · wall_segment Stone Wall x20 |
| 45:52 | Woefwaffer · wall_segment Stone Wall x2 |
| 47:06 | BURMET · tribute_sent a jugador 2 |
| 47:06 | BURMET · tribute_sent a jugador 3 |
| 47:06 | BURMET · tribute_sent a jugador 4 |
| 47:06 | BURMET · tribute_sent a jugador 5 |
| 47:06 | BURMET · tribute_sent a jugador 6 |
| 47:06 | BURMET · tribute_sent a jugador 7 |
| 47:06 | BURMET · tribute_sent a jugador 8 |
| 47:13 | hohoho · age_up imperial |
| 47:32 | SN1CK3RS · age_up imperial |
| 49:35 | hohoho · first_building Archery Range |
| 50:12 | BURMET · tribute_sent a jugador 2 |
| 50:12 | BURMET · tribute_sent a jugador 3 |
| 50:12 | BURMET · tribute_sent a jugador 4 |
| 50:12 | BURMET · tribute_sent a jugador 5 |
| 50:12 | BURMET · tribute_sent a jugador 6 |
| 50:12 | BURMET · tribute_sent a jugador 7 |
| 50:12 | BURMET · tribute_sent a jugador 8 |
| 51:37 | Richard · first_building Siege Workshop |
| 53:40 | Wospenzukh · wall_segment Stone Wall x10 |
| 53:41 | Wospenzukh · wall_segment Stone Wall x7 |
| 53:44 | Wospenzukh · wall_segment Stone Wall x9 |
| 53:45 | BURMET · tribute_sent a jugador 2 |
| 53:45 | BURMET · tribute_sent a jugador 3 |
| 53:45 | BURMET · tribute_sent a jugador 4 |
| 53:45 | BURMET · tribute_sent a jugador 5 |
| 53:45 | BURMET · tribute_sent a jugador 6 |
| 53:45 | BURMET · tribute_sent a jugador 7 |
| 53:45 | BURMET · tribute_sent a jugador 8 |
| 53:46 | Wospenzukh · wall_segment Stone Wall x12 |
| 54:01 | hohoho · first_building Monastery |
| 55:16 | BURMET · tribute_sent a jugador 2 |
| 55:16 | BURMET · tribute_sent a jugador 3 |
| 55:16 | BURMET · tribute_sent a jugador 4 |
| 55:16 | BURMET · tribute_sent a jugador 5 |
| 55:16 | BURMET · tribute_sent a jugador 6 |
| 55:16 | BURMET · tribute_sent a jugador 7 |
| 55:16 | BURMET · tribute_sent a jugador 8 |
| 56:41 | Wospenzukh · resign |
[ AI ANALYSIS · 1 CREDIT ]
What really happened in this match?
Wolo.gg analyzes every decision: build order, eco, micro, common mistakes by bracket. Personalized analysis on WhatsApp or Discord in 30 seconds.
Civ guide
Franks
Map guide
Black Forest
Perfil
Woefwaffer